 Dungeon Sprint DCSS version 0.18.1-50-g88ac8fd (webtiles) character file.

1200000 Ropoloid1 the Sorcerer (level 16, -3/150 HPs)
             Began as a Troll Wizard on Oct 28, 2016.
             Was a Priest of Makhleb.
             Slain by a meat berserker
             ... wielding a +9 battleaxe
              (81 damage)
             ... in the Dungeon (Sprint VIII: "Arena of Blood").
             The game lasted 00:01:48 (12 turns).

Ropoloid1 the Sorcerer (Troll Wizard)                 Turns: 12, Time: 00:01:48

Health: -3/150     AC:  5    Str: 19    XL:     16   Next: 27%
Magic:  4/44       EV: 18    Int: 14    God:    Makhleb [***...]
Gold:   0          SH:  0    Dex: 13    Spells: 1 memorised, 64 levels left

rFire  . . .     SeeInvis .     k - +∞ Axe of Woe
rCold  . . .     Gourm    +     a - +0 robe
rNeg   . . .     Faith    .     (shield currently unavailable)
rPois  .         Spirit   .     b - +0 hat
rElec  .         Dismiss  .     (no cloak)
rCorr  .         Reflect  .     (gloves unavailable)
SustAt .         Harm     .     (boots unavailable)
MR     +....     NoTele   +     (no amulet)
Stlth  +++.......               (no ring)
                                (no ring)

@: somewhat resistant to hostile enchantments, fairly stealthy
A: unfitting armour, claws 3, fast metabolism 3, gourmand, regeneration 2,
shaggy fur 1, tough skin 2
a: Minor Destruction, Lesser Servant of Makhleb, Renounce Religion


You were in the Dungeon.
You worshipped Makhleb.
Makhleb was most pleased with you.
You were not hungry.

You visited 1 branch

Inventory:

Hand Weapons
 k - the +∞ Axe of Woe (weapon)
   (You found it in the Dungeon)
Armour
 a - a +0 robe (worn)
 b - a +0 hat (worn)
Scrolls
 j - a scroll of blinking
Potions
 e - a potion of curing
 f - a potion of heal wounds
 g - a potion of haste
 h - 2 potions of magic
 i - a potion of berserk rage
Books
 c - a book of Minor Magic

   Spells                             Type                      Level
   a - Magic Dart                     Conjuration                  1
   b - Blink                          Translocation                2
   c - Call Imp                       Summoning                    2
   d - Repel Missiles                 Charms/Air                   2
   e - Slow                           Hexes                        2
   f - Conjure Flame                  Conjuration/Fire             3
   g - Mephitic Cloud                 Conjuration/Poison/Air       3
Comestibles
 d - 2 bread rations


   Skills:
 + Level 7.7 Fighting
 + Level 7.1 Axes
 + Level 16.0 Dodging
 + Level 11.4 Stealth
 + Level 25.3 Spellcasting
 + Level 0.6 Conjurations
   Level 0.6 Summonings
   Level 0.6 Translocations


You had 64 spell levels left.
You knew the following spells:

 Your Spells              Type           Power        Failure   Level  Hunger
a - Magic Dart            Conj           ###.         1%          1    None


Dungeon Overview and Level Annotations

Branches:
Dungeon (1/1)

Altars:
Makhleb


Innate Abilities, Weirdness & Mutations

You are too large for most types of armour.
You have claws for hands.
Your metabolism is lightning-fast.
You like to eat raw meat.
You heal very quickly.
You are covered in fur (AC +1).
You have very tough skin (AC +2).


Message History

You kill the meat berserker!
Makhleb accepts your kill.
You feel better.
Your Fighting skill increases to level 7!
Your Axes skill gained 2 levels and is now at level 7!
Your Dodging skill increases to level 16!
Your Stealth skill increases to level 11!
Your Spellcasting skill gained 2 levels and is now at level 25!
You have reached level 16!
You hear a shout! x6
The meat berserker hits you with a +9 battleaxe!!
The bag of meat moves out of view.
You hear a shout! x3
The meat berserker hits you with a +9 battleaxe!!!
A destroyer comes into view.
It is wielding a +9 great sword of slicing.
The destroyer shouts!
The destroyer blinks!
The meat berserker hits you with a +9 battleaxe!!!!
Ouch! That really hurt!
You die...

#.. ..# #.. ...#
.###.. ...###. .
......###o.......
....._..... ...
#.....# .... .
#_.<.O# .....
....#.....#......
......._O@)oV...§
......###O....O..
.###..


ooO###o.O #.. ..o.# . #. .o...# ......o.. ..oo....o.. oo........ You could see a
destroyer, 6 meat berserkers and 13 bags of meat.

Vanquished Creatures
  2 ogres (D)
  5 orcs (D)
7 creatures vanquished.

Notes
Turn   | Place    | Note
--------------------------------------------------------------
     0 | D        | Ropoloid1 the Troll Wizard began the quest for the Orb.
     0 | D        | Reached XP level 1. HP: 16/16 MP: 2/2
     3 | D        | Noticed a bag of meat
     4 | D        | Noticed a bag of meat
     4 | D        | Became a worshipper of Makhleb the Destroyer
     6 | D        | Noticed a bag of meat
     8 | D        | Noticed a meat berserker
     8 | D        | Killed a bag of meat
     8 | D        | Reached skill level 16 in Spellcasting
     8 | D        | Reached XP level 2. HP: 28/28 MP: 2/18
     8 | D        | Reached XP level 3. HP: 35/35 MP: 2/19
     8 | D        | Reached XP level 4. HP: 42/42 MP: 2/21
     8 | D        | Reached XP level 5. HP: 49/49 MP: 2/22
     8 | D        | Reached XP level 6. HP: 57/57 MP: 2/24
     8 | D        | Reached XP level 7. HP: 65/65 MP: 2/25
     8 | D        | Reached XP level 8. HP: 72/72 MP: 2/27
     8 | D        | Reached XP level 9. HP: 79/79 MP: 2/28
     8 | D        | Reached XP level 10. HP: 87/87 MP: 2/29
     8 | D        | Reached XP level 11. HP: 93/93 MP: 2/30
     9 | D        | Noticed a bag of meat
     9 | D        | Noticed a bag of meat
     9 | D        | Killed a bag of meat
     9 | D        | Reached * piety under Makhleb
     9 | D        | Reached skill level 18 in Spellcasting
     9 | D        | Reached XP level 12. HP: 104/104 MP: 2/33
     9 | D        | Noticed a bag of meat
    10 | D        | Noticed a meat berserker
    10 | D        | Noticed a bag of meat
    10 | D        | Noticed a bag of meat
    10 | D        | Killed a bag of meat
    10 | D        | Reached skill level 19 in Spellcasting
    10 | D        | Reached XP level 13. HP: 85/111 MP: 2/35
    11 | D        | Noticed a meat berserker
    11 | D        | Noticed a meat berserker
    11 | D        | Noticed a bag of meat
    11 | D        | Noticed a bag of meat
    11 | D        | Noticed a bag of meat
    11 | D        | Noticed a bag of meat
    11 | D        | Noticed a bag of meat
    11 | D        | Noticed a meat berserker
    11 | D        | Killed a meat berserker
    11 | D        | Reached ** piety under Makhleb
    11 | D        | Reached skill level 5 in Fighting
    11 | D        | Reached skill level 22 in Spellcasting
    11 | D        | Reached XP level 14. HP: 54/127 MP: 3/39
    11 | D        | Killed a bag of meat
    11 | D        | Reached skill level 5 in Axes
    11 | D        | Reached skill level 10 in Stealth
    11 | D        | Reached skill level 23 in Spellcasting
    11 | D        | Reached XP level 15. HP: 100/136 MP: 3/41
    12 | D        | Noticed a meat berserker
    12 | D        | Noticed a meat berserker
    12 | D        | Reached *** piety under Makhleb
    12 | D        | Reached skill level 15 in Dodging
    12 | D        | Killed a meat berserker
    12 | D        | Reached skill level 25 in Spellcasting
    12 | D        | Reached XP level 16. HP: 150/150 MP: 3/44
    12 | D        | Noticed a destroyer
    12 | D        | Slain by a meat berserker

Skill      XL: |  1  2  3  4  5  6  7  8  9 10 11 12 13 14 15 |
---------------+----------------------------------------------+-----
Fighting       | 2 3 5 7 |  7.7
Axes           | 2 3 4 5 7 |  7.1
Dodging        | 9 11 12 13 14 16 | 16.0
Stealth        | 6 7 8 9 10 11 | 11.4
Spellcasting   | 16 18 19 22 23 25 | 25.3
Conjurations   | |  0.6
Summonings     | |  0.6
Translocations | |  0.6

Action                   |  1- 3 |  4- 6 |  7- 9 | 10-12 | 13-15 | 16-18 || total
-------------------------+-------+-------+-------+-------+-------+-------++-------
Melee: Executioner's axe |     1 |       |       |     2 |     2 |       ||     5
Dodge: Dodged            |       |       |       |       |     2 |       ||     2
